 Dungeon Crawl Stone Soup version 0.31-a0-460-g9e667d4245 (webtiles) character file.

Game seed: 12687235783202570265

36 Sabo the Trooper (level 3, 29/29 HPs)
             Began as a Demonspawn Fighter on Aug 4, 2023.
             Got out of the dungeon alive.
             The game lasted 00:04:13 (684 turns).

Sabo the Trooper (Demonspawn Fighter)                Turns: 684, Time: 00:04:14

Health: 29/29      AC:  6    Str: 18    XL:     3   Next: 19%
Magic:  3/3        EV:  9    Int:  9    God:
Gold:   29         SH:  8    Dex: 12    Spells: 2/2 levels left

rFire   . . .        a - +0 war axe
rCold   . . .        c - +0 buckler
rNeg    . . .        b - +0 scale mail
rPois   .            (no helmet)
rElec   .            (no cloak)
rCorr   .            (no gloves)
SInv    .            (no boots)
Will    .....        (no amulet) Stlth
                     (no ring)
HPRegen 0.24/turn    (no ring)
MPRegen 0.08/turn

%: no passive effects
@: no status effects
A: hooves 1, condensation shield
a: no special abilities


You escaped.
You visited 1 branch of the dungeon, and saw 2 of its levels.

You collected 29 gold pieces.

Inventory:

Hand Weapons
 a - a +0 war axe (weapon)
Missiles
 e - 2 boomerangs (quivered)
Armour
 b - a +0 scale mail (worn)
 c - a +0 buckler (worn)
Wands
 h - a wand of flame (24)
Scrolls
 f - a scroll of revelation {unknown}
 g - a scroll of enchant weapon {unknown}
 j - a scroll of immolation {unknown}
 k - 2 scrolls of amnesia {unknown}
Potions
 d - a potion of might
 i - a potion of mutation {unknown}
 l - 2 potions of attraction {unknown}


   Skills:
 + Level 3.3 Fighting
 + Level 2.1 Axes
 + Level 3.2 Armour
 + Level 2.9 Shields


You had 2 spell levels left.
You didn't know any spells.
Your spell library was empty.

Dungeon Overview and Level Annotations

Branches:
Dungeon (2/15)

Altars:
Vehumet


Innate Abilities, Weirdness & Mutations

You have large cloven feet.
A meltable shield of frost defends you. (SH +4)


Message History

The giant cockroach is severely wounded.
You block the giant cockroach's attack.
You barely miss the goblin. You kick the goblin.
You kill the goblin!
Vehumet accepts your kill.
You hit the giant cockroach but do no damage.
The giant cockroach bites you. The giant cockroach closely misses you.
The giant cockroach bites you but does no damage.
Things that are here:
a +0 dagger; 9 gold pieces; a goblin corpse The giant cockroach bites you but does no damage.
You completely miss the giant cockroach.
Your kick misses the giant cockroach.
The giant cockroach is severely wounded.
The giant cockroach bites you but does no damage.
The giant cockroach barely misses you.
You barely miss the giant cockroach.
The giant cockroach is severely wounded.
The giant cockroach bites you but does no damage.
The giant cockroach barely misses you.
You barely miss the giant cockroach.
The giant cockroach is severely wounded.
The giant cockroach barely misses you.
You hit the giant cockroach.
You kill the giant cockroach!
Vehumet accepts your kill.
There is a staircase leading out of the dungeon here.
Are you sure you want to leave the Dungeon?
This will make you lose the game!
Alright, then stay!
Really renounce your faith, foregoing its fabulous benefits?
Uppercase [Y]es or [N]o only, please.
Really renounce your faith, foregoing its fabulous benefits?
Are you sure?
You have lost your religion!
Vehumet does not appreciate desertion!
There is a staircase leading out of the dungeon here.
Are you sure you want to leave the Dungeon?
This will make you lose the game!
Alright, then stay!
Are you sure you want to leave the Dungeon?
This will make you lose the game!
You have escaped!

....##..>...........####........#
....###.....##......# #..........
##..#######..#.##.#.# #..........
.......# ##....#...# #..........
.......# ####......## ##.........
.......# #.......8.#####.........
.......# #.........≈§≈##........#
.......# #........≈≈≈≈###......##
.......# #..8..8@.≈≈≈># ########
.......# #........≈≈≈≈# .......#
#.........≈≈§# ########
#.......8.#### #.........#
#.........# ###########


There were no monsters in sight!

Vanquished Creatures
  An adder (D:2)
  A dart slug (D:1)
  3 endoplasms
  A giant cockroach (D:1)
  4 goblins (D:1)
  A hobgoblin (D:1)
  2 jackals (D:2)
  2 kobolds
  2 quokkas (D:2)
  A ball python (D:1)
  2 bats (D:1)
  A frilled lizard (D:1)
  2 rats (D:1)
23 creatures vanquished.

Notes
Turn   | Place    | Note
-------+----------+-------------------------------------------
     0 | D:1      | Sabo the Demonspawn Fighter began the quest for the Orb.
     0 | D:1      | Reached XP level 1. HP: 18/18 MP: 1/1
   131 | D:1      | Gained mutation: A meltable shield of frost defends you.
                  | (SH +4) [demonic ancestry]
   131 | D:1      | Reached XP level 2. HP: 23/24 MP: 2/2
   191 | D:1      | You fall into a shaft and drop 1 floor!
   395 | D:1      | Discovered your monstrous ancestry.
   395 | D:1      | Gained mutation: You have large cloven feet. [demonic
                  | ancestry]
   395 | D:1      | Reached XP level 3. HP: 29/29 MP: 3/3
   574 | D:1      | Found a faded altar of an unknown god.
   586 | D:1      | Prayed at the altar of an unknown god.
   586 | D:1      | Became a worshipper of Vehumet
   586 | D:1      | Reached * piety under Vehumet
   586 | D:1      | Offered knowledge of Shock by Vehumet.
   680 | D:1      | Fell from the grace of Vehumet
   684 | D:$      | Got out of the dungeon alive.

Illustrated notes

Levels and vault maps discovered:
D:1:      grunt_arrival_lava_bath, layout_rooms,
          ebering_ecumenical_altar_sacrificial, minmay_misc_feat_more_columns
D:2:      layout_rooms

Skill      XL: |  1  2 |
---------------+-------+-----
Axes           | 2 |  2.1
Armour         | 3 |  3.2
Fighting       | |  3.3
Shields        | |  2.9

Action                     || total
---------------------------++-------
  Melee: War axe           ||    56
         Kick              ||     3
  Throw: Boomerang         ||     2
 Invoke: Renounce Religion ||     1
 Armour: Scale mail        ||    33
  Dodge: Dodged            ||    31
  Block: Buckler           ||    22

Table legend: (Time is in decaauts)
 A = Elapsed time spent in this place.
 B = Non-inter-level travel time spent in this place.
 C = Inter-level travel time spent in this place.
 D = Time resting spent in this place.
 E = Time spent auto-exploring this place.
 F = Levels seen in this place.
 G = Mean time per level.
                   A        B        C        D        E       F      G
               +--------+--------+--------+--------+--------+-----+--------+
         Total |    709 |    709 |      0 |    110 |      0 |   2 |  354.5 |
       Dungeon |    709 |    709 |      0 |    110 |      0 |   2 |  354.5 |
               +--------+--------+--------+--------+--------+-----+--------+

Top non-repeatable levels by time:
     D:1: 526 daAuts
     D:2: 182 daAuts
